 Dungeon Crawl Stone Soup version 0.27-a0-1149-g4505690ab0 (webtiles) character file.

Game seed: 4318232372906993918

200 Lekart the Skirmisher (level 5, -3/47 HPs)
             Began as a Draconian Chaos Knight on May 13, 2021.
             Was a Plaything of Xom.
             Slain by a gnoll shaman
             ... wielding a +0 club
              (5 damage)
             ... on level 4 of the Dungeon.
             The game lasted 00:05:06 (3620 turns).

Lekart the Skirmisher (Draconian Chaos Knight)      Turns: 3620, Time: 00:05:07

Health: -3/47      AC:  6    Str: 13      XL:     5   Next: 49%
Magic:  5/5        EV: 12    Int: 11 (12) God:    Xom [.*....]
Gold:   251        SH:  4    Dex: 10 (11) Spells: 4/4 levels left

rFire    . . .     SeeInvis .   a - +0 falchion (chaos)
rCold    . . .     Faith    .   (no shield)
rNeg     . . .     Spirit   .   (armour unavailable)
rPois    .         Reflect  .   (helmet restricted)
rElec    .         Harm     .   (no cloak)
rCorr    .         Rampage  .   (no gloves)
Will     .....                  e - +0 pair of boots
Stlth    +.........             (no amulet)
HPRegen  0.15/turn              (no ring)
MPRegen  0.09/turn              (no ring)

@: no status effects
A: AC +5, unfitting armour, cold-blooded, large bone plates 1, deterioration 2,
weak 1
a: Renounce Religion


You were on level 4 of the Dungeon.
You worshipped Xom.
You were a plaything of Xom.
You visited 1 branch of the dungeon, and saw 4 of its levels.

You collected 251 gold pieces.

Inventory:

Hand Weapons
 a - a +0 falchion of chaos (weapon)
Missiles
 b - 4 atropa-tipped darts
 i - 7 boomerangs (quivered)
Armour
 e - a +0 pair of boots (worn)
Scrolls
 c - a scroll of identify {unknown}
 d - 2 scrolls of vulnerability {unknown}
 f - a scroll of enchant armour {unknown}
 h - 2 scrolls of teleportation {unknown}
 j - a scroll of fear {unknown}


   Skills:
 + Level 4.5 Fighting
 + Level 4.4 Long Blades
 + Level 1.2 Throwing
 + Level 3.1 Dodging
 + Level 0.5 Shields


You had 4 spell levels left.
You didn't know any spells.
Your spell library was empty.

Dungeon Overview and Level Annotations

Branches:
Dungeon (4/15)
 Temple: D:4-7

Altars:
Fedhas
Kikubaaqudgha
Sif Muna


Innate Abilities, Weirdness & Mutations

Your plain brown scales are hard. (AC +5)
You cannot fit into any form of body armour.
You are cold-blooded and may be slowed by cold attacks.
You are partially covered in large bone plates. (SH +4)
Your body often deteriorates upon taking damage.
You are weak. (Str -2)


Message History

The gnoll shaman closely misses you.
The gnoll shaman hits you with a +0 club.
You hit the gnoll shaman.
The gnoll shaman is heavily wounded.
The gnoll shaman hits you with a +0 club.
Your body deteriorates!
You feel dopey.
You barely miss the gnoll shaman.
The gnoll shaman is heavily wounded.
The gnoll shaman misses you.
You riposte.
You hit the gnoll shaman but do no damage.
The gnoll shaman seems to speed up.
Xom is highly amused!
The gnoll shaman is heavily wounded.
You completely miss the gnoll shaman.
The gnoll shaman is heavily wounded.
The gnoll shaman closely misses you.
You riposte.
You closely miss the gnoll shaman.
The gnoll shaman is heavily wounded.
You hit the gnoll shaman but do no damage.
The gnoll shaman is heavily wounded.
You block the gnoll shaman's attack.
The gnoll shaman hits you with a +0 club.
You hit the gnoll shaman but do no damage.
The gnoll shaman flickers and vanishes!
Deactivating autopickup; reactivate with Ctrl-A.
Your tail-slap misses something.
Something hits you.
* * * LOW HITPOINT WARNING * * *
You miss something.
You hear something invoke the aid of a god against you.
Something tries to affect you, but you resist.
Something hits you!
* * * LOW HITPOINT WARNING * * *
Okay, then.
Something hits you but does no damage.
There is a stone staircase leading up here.
Something hits you.
* * * LOW HITPOINT WARNING * * *
You aren't carrying any potions.
You miss something.
Your tail-slap misses something.
Something hits you.
You die...

.###.###.#.#
#...#...#....#
#.8...8...8..#
#...#...#....#
##.###.###...#####
#...#...#..........#
#.8...8...8.# #.#.#
#...........####.#.#
.......#.#....##@#.#
.......#...##.##.#.#
.......###.##...J#.#
#......+ ..####.##.#
#......##### #..J.#
.>.....# ####.#
...##### #.# ...#
#.# #..# #g#


You could see an endoplasm.

Vanquished Creatures
  A scorpion (D:4)
  3 gnolls (D:4)
  5 adders
  An adder skeleton (D:4)
  3 dart slugs
  2 ball pythons
  7 endoplasms
  2 giant cockroaches
  7 goblins
  7 hobgoblins
  2 jackals (D:1)
  2 quokkas
  4 bats
  A frilled lizard (D:1)
  5 kobolds
  4 rats
56 creatures vanquished.

Vanquished Creatures (others)
  A gnoll (D:4)
  A goblin (D:4)
2 creatures vanquished.

Grand Total: 58 creatures vanquished

Notes
Turn   | Place    | Note
-------+----------+-------------------------------------------
     0 | D:1      | Lekart the Draconian Chaos Knight began the quest for the
                  | Orb.
     0 | D:1      | Reached XP level 1. HP: 19/19 MP: 1/1
    36 | D:1      | XOM: silly message
   125 | D:1      | Reached XP level 2. HP: 26/26 MP: 2/2
   133 | D:1      | XOM: divination: magic mapping
   139 | D:1      | XOM: god gift: 7 atropa-tipped darts
   379 | D:1      | Found a faded altar of an unknown god.
   399 | D:1      | XOM: 2-stop teleportation journey
   517 | D:1      | XOM: give mutation
   517 | D:1      | Gained mutation: You are weak. (Str -2) [Xom's mischief]
   572 | D:1      | XOM is BORED!
   790 | D:2      | Reached XP level 3. HP: 33/33 MP: 3/3
  1489 | D:2      | XOM: 2-stop teleportation journey
  1575 | D:2      | XOM: 2-stop teleportation journey
  1587 | D:2      | XOM: scenery: summon butterflies
  1876 | D:3      | XOM: silly message
  1946 | D:3      | XOM: snakes to sticks
  2008 | D:3      | Found an ancient bone altar of Kikubaaqudgha.
  2052 | D:3      | XOM: noise
  2120 | D:3      | XOM: god gift: 51 gold pieces
  2253 | D:3      | XOM: 3-stop teleportation journey
  2475 | D:3      | Reached XP level 4. HP: 25/40 MP: 4/4
  2620 | D:3      | Found a blossoming altar of Fedhas.
  2747 | D:3      | Found a shimmering blue altar of Sif Muna.
  2759 | D:3      | XOM: noise
  2935 | D:4      | XOM: scenery: 1 doors open
  3074 | D:4      | Noticed a scorpion
  3082 | D:4      | Killed a scorpion
  3083 | D:4      | Reached skill level 1 in Throwing
  3083 | D:4      | Reached XP level 5. HP: 26/47 MP: 5/5
  3224 | D:4      | XOM: give mutations
  3224 | D:4      | Gained mutation: Your body sometimes deteriorates upon
                  | taking damage. [Xom's mischief]
  3224 | D:4      | Gained mutation: Your body often deteriorates upon taking
                  | damage. [Xom's mischief]
  3224 | D:4      | Gained mutation: You are partially covered in large bone
                  | plates. (SH +4) [Xom's mischief]
  3330 | D:4      | XOM: god gift: +0 hand crossbow of chaos
  3334 | D:4      | XOM: polymorph iguana -> adder
  3343 | D:4      | XOM: divine lightning
  3348 | D:4      | XOM: butterfly on damage
  3362 | D:4      | XOM: chaos upgrade
  3376 | D:4      | XOM: enchant monster (good)
  3619 | D:4      | HP: 2/47 [something (3)]
  3620 | D:4      | Slain by a gnoll shaman

Illustrated notes

Levels and vault maps discovered:
D:1:      shiori_arrival_oz, layout_loops_ring,
          ebering_ecumenical_altar_petrified
D:2:      layout_loops_ring, grunt_ministairs_11
D:3:      layout_basic, kiku_gazebo_pond_becter, lemuel_round_altar,
          lemuel_coloured_pillars_altar, item_on_display_a
D:4:      layout_basic, grunt_temple_overflow_holy_war, kennysheep_mini_moat,
          minmay_temple_entry_nine_rooms, gammafunk_ghost_nasty_kobolds,
          minmay_misc_feat_four_crosses, kennysheep_generic_room_16,
          uniq_edmund, uniq_pikel

Skill      XL: |  1  2  3  4  5 |
---------------+----------------+-----
Fighting       | 4 |  4.5
Long Blades    | 4 |  4.4
Throwing       | 1 |  1.2
Dodging        | 3 |  3.1
Shields        | |  0.5

Action                   |  1- 3 |  4- 6 || total
-------------------------+-------+-------++-------
Melee: Falchion          |    98 |    38 ||   136
       Tailslap          |    13 |     4 ||    17
Throw: Dart              |    18 |     6 ||    24
       Boomerang         |       |    11 ||    11
  Use: Potion            |     1 |     1 ||     2
 Stab: Sleeping          |     1 |       ||     1
       Invisible         |     2 |       ||     2
Armor: Skin              |    29 |    11 ||    40
Dodge: Dodged            |    71 |    29 ||   100
Block: Other             |       |     5 ||     5
       Rpst.: Falchion   |    20 |    15 ||    35

Table legend: (Time is in decaauts)
 A = Elapsed time spent in this place.
 B = Non-inter-level travel time spent in this place.
 C = Inter-level travel time spent in this place.
 D = Time resting spent in this place.
 E = Time spent auto-exploring this place.
 F = Levels seen in this place.
 G = Mean time per level.
                   A        B        C        D        E       F      G
               +--------+--------+--------+--------+--------+-----+--------+
         Total |   3642 |   3553 |     89 |    388 |   2713 |   4 |  910.5 |
       Dungeon |   3642 |   3553 |     89 |    388 |   2713 |   4 |  910.5 |
               +--------+--------+--------+--------+--------+-----+--------+

Top non-repeatable levels by time:
     D:3: 1357 daAuts
     D:2: 1075 daAuts
     D:1: 734 daAuts
     D:4: 474 daAuts
